Map: Tempio ghiacciato

Players

ShowTek

  • Race: Zerg Zerg
  • League: Diamond

Spike - Winner!

  • Race: Terran Terran
  • League: Diamond

VOD

Have the link to the VOD?

Description

Time

  • Played on: June 19, 2016, 9:09 a.m.
  • Length: 7:11
Show
View Real Time Build Order
Export as new Build Order

ShowTek Zerg 

Build Orders: Hatch First 

Get SALT Encoding   

  12  0:01  Drone  
  13  0:12  Overlord  
  13  0:18  Drone  
  14  0:32  Drone x2  
  14  0:35  Drone  
  17  0:53  Hatchery  
  17  0:56  Drone  
  17  1:00  Extractor  
  16  1:12  Spawning Pool  
  16  1:15  Drone  
  16  1:21  Drone  
  16  1:23  Drone  
  18  1:33  Drone  
  19  1:40  Overlord  
  19  1:49  Drone  
  20  2:00  Queen  
  22  2:05  Queen  
  22  2:06  Zergling x2  
  22  2:07  Zergling x2  
  26  2:11  Metabolic Boost  
  26  2:19  Drone x2  
  29  2:22  Drone  
  29  2:27  Drone  
  30  2:32  Drone  
  31  2:38  Overlord  
  31  2:45  Queen  
  31  2:47  Queen  
  31  2:50  Drone  
  36  2:59  Zergling x4  
  38  3:05  Overlord  
  38  3:06  Drone  
  39  3:16  Drone x4  
  39  3:17  Drone  
  44  3:31  Spore Crawler  
  44  3:33  Hatchery, Spore Crawler  
  41  3:36  Drone x2  
  41  3:38  Drone  
  44  3:43  Drone x2  
  46  3:50  Extractor  
  46  3:52  Extractor  
  46  3:54  Roach Warren  
  43  3:58  Zergling x2  
  43  3:59  Zergling x2  
  43  4:01  Drone x2  
  43  4:02  Drone  
  48  4:05  Drone  
  48  4:06  Drone  
  48  4:08  Drone  
  48  4:09  Drone  
  52  4:15  Evolution Chamber  
  51  4:17  Evolution Chamber  
  51  4:21  Lair  
  50  4:30  Drone x2  
  52  4:34  Overlord x2  
  52  4:47  Queen  
  52  4:51  Zerg Missile Weapons Level 1  
  52  4:52  Zerg Ground Armor Level 1  
  54  4:55  Drone x2  
  54  4:56  Drone  
  54  4:59  Roach  
  61  5:00  Roach  
  61  5:07  Drone x4  
  63  5:08  Drone  
  63  5:12  Drone  
  67  5:22  Drone x4  
  67  5:23  Overlord x2, Drone x3  
  74  5:37  Overlord x3, Extractor  
  74  5:39  Extractor  
Show
View Real Time Build Order
Export as new Build Order

Spike Terran - Winner!

Build Orders:  

Get SALT Encoding   

  12  0:01  SCV  
  13  0:13  SCV  
  14  0:18  Supply Depot  
  14  0:25  SCV  
  14  0:28  Refinery  
  15  0:39  SCV  
  16  0:46  Barracks  
  16  0:51  SCV  
  17  1:03  SCV  
  18  1:16  SCV  
  19  1:28  SCV  
  20  1:35  Barracks Reactor  
  20  1:40  Orbital Command  
  20  1:47  Command Center  
  20  1:57  Factory  
  20  2:04  Supply Depot  
  20  2:08  SCV  
  20  2:15  Marine x2  
  21  2:20  Refinery  
  23  2:26  SCV  
  24  2:35  Marine x2  
  26  2:40  SCV  
  26  2:42  Factory Tech Lab  
  27  2:54  SCV  
  27  2:55  Marine x2  
  30  3:03  Orbital Command  
  30  3:04  Siege Tank  
  33  3:09  SCV  
  33  3:10  Factory  
  34  3:16  Marine x2  
  36  3:23  Orbital Command, Supply Depot, SCV  
  37  3:35  Marine  
  37  3:36  Marine  
  37  3:37  Siege Tank  
  42  3:44  SCV  
  43  3:52  SCV  
  43  3:54  Supply Depot  
  43  3:55  Marine x2  
  45  3:56  Factory Reactor  
  45  3:58  SCV  
  47  4:06  SCV  
  47  4:09  Siege Tank  
  51  4:14  Marine x2  
  51  4:15  SCV  
  54  4:18  SCV  
  54  4:19  Supply Depot  
  55  4:26  Armory  
  55  4:27  SCV  
  55  4:30  SCV  
  57  4:33  Hellion  
  57  4:36  Hellion  
  61  4:39  SCV  
  61  4:40  Marine x2  
  64  4:46  Siege Tank  
  64  4:48  SCV  
  64  4:51  SCV  
  64  4:52  Supply Depot  
  69  5:00  SCV  
  70  5:13  SCV  
  70  5:14  Hellion x2  
  75  5:27  Hellion  
  75  5:28  SCV  
  78  5:32  Supply Depot  
  78  5:33  Refinery  
  78  5:34  Command Center, Refinery  
  78  5:53  SCV x2  
  78  5:54  Hellion  
Tags
 
Add a new tag
Caveats
  • Supply blocks, unpowered buildings, or Contaminate may cause inaccurate times.
  • Supply counts are checked every 10 seconds.